 Dungeon Crawl Stone Soup version 0.31-a0-881-ge136f0c47a (webtiles) character file.

Game seed: 8408862836963332414

142 Shayle the Ruffian (level 5, -1/39 HPs)
             Began as a Human Shapeshifter on Oct 15, 2023.
             Was an Initiate of Ashenzari.
             Slain by an ogre
             ... wielding a +0 giant club
              (18 damage)
             ... on level 4 of the Dungeon.
             The game lasted 00:07:00 (2652 turns).

Shayle the Ruffian (Human Shapeshifter)             Turns: 2652, Time: 00:07:01

Health: -1/39      AC:  5    Str: 14    XL:     5   Next: 50%
Magic:  5/5        EV: 11    Int: 13    God:    Ashenzari [......]
Gold:   47         SH:  0    Dex: 12    Spells: 4/4 levels left

rFire   . .          .
                       - Unarmed
rCold   . . .        (no shield)
rNeg    . . .        e - +0 ring mail
rPois   .            (helmet currently unavailable)
rElec   .            (cloak currently unavailable)
rCorr   .            (gloves currently unavailable)
SInv    .            (boots currently unavailable)
Will    .....        (no amulet)
Stlth   +            (no ring)
HPRegen 0.26/turn    (no ring)
MPRegen 0.09/turn

%: no passive effects
@: beast-form
A: beast (slay +2)
a: Begin Untransformation, Renounce Religion, Curse Item


You were on level 4 of the Dungeon.
You worshipped Ashenzari.
Ashenzari was noncommittal.
You were a hulking beast.
You visited 1 branch of the dungeon, and saw 4 of its levels.

You collected 135 gold pieces.
You spent 88 gold pieces at shops.

Inventory:

Missiles
 k - 4 silver javelins
 n - 2 curare-tipped darts (quivered)
Armour
 a - a +0 animal skin
 e - a +0 ring mail (worn)
 i - a +0 helmet
Talismans
 c - a beast talisman (active)
 d - a flux talisman
Scrolls
 b - a scroll of enchant weapon {unknown}
 g - 2 scrolls of identify
 h - a scroll of fear
Potions
 f - a potion of heal wounds
 j - 3 potions of curing
 l - a potion of magic {unknown}


   Skills:
 + Level 2.4 Fighting
 + Level 3.1 Dodging
 + Level 3.9 Unarmed Combat
 + Level 3.7 Shapeshifting


You had 4 spell levels left.
You didn't know any spells.
Your spell library contained the following spells:

 Spells                   Type           Power      Damage    Failure   Level
 Stone Arrow              Conj/Erth      0%         3d7       88%         3
 Animate Armour           Summ/Erth      0%         N/A       99%         4
 Lehudib's Crystal Spear  Conj/Erth      0%         10d2      100%        8


Dungeon Overview and Level Annotations

Branches:
Dungeon (4/15)
 Temple: D:4-7

Altars:
Ashenzari

Shops:
D:3 !

Annotations:
D:3 Natasha


Message History

The ogre is poisoned.
The ogre convulses.
The ogre seems to slow down.
The ogre is lightly wounded.
The ogre attacks as it pursues you!
The ogre hits you with a +0 giant club!!
Ouch! That really hurt!
* * * LOW HITPOINT WARNING * * *
You see here a dart slug corpse.
There is an open door here.
There is an open door here.
Throw: 5 darts (curare)
Press: ? - help, Q - select action, (/) - cycle Shift-Dir - straight line, f/p - ogre
Aim: an ogre, wielding a +0 giant club (moderately wounded, poisoned, slow, 73% to hit)
You throw a curare-tipped dart.
The curare-tipped dart barely misses the ogre.
Throw: 4 darts (curare)
Press: ? - help, Q - select action, (/) - cycle Shift-Dir - straight line, f/p - ogre
Aim: an ogre, wielding a +0 giant club (moderately wounded, poisoned, slow, 73% to hit)
You throw a curare-tipped dart.
The curare-tipped dart barely misses the ogre.
The ogre is no longer moving slowly.
Throw: 3 darts (curare)
Press: ? - help, Q - select action, (/) - cycle Shift-Dir - straight line, f/p - ogre
Aim: an ogre, wielding a +0 giant club (moderately wounded, poisoned, 73% to hit)
You throw a curare-tipped dart.
The curare-tipped dart closely misses the ogre.
The ogre looks more healthy.
You feel much better.
The ogre hits you with a +0 giant club!!
You hit the ogre.
The ogre is severely wounded.
You hit the ogre.
The ogre is severely wounded.
The ogre misses you.
You hit the ogre.
The ogre is severely wounded.
You hit the ogre but do no damage.
The ogre is severely wounded.
The ogre hits you with a +0 giant club!!
You die...

##### >. #######...#
.# #...K.o..<# .# .
###.###..(### #'##..
##.#.+...(.###......
#o.#.#...#.##.......
#..#.#####†##.......
#.##.# #..(K......
#oOh.# ###########
####.# ##


You could see an ogre and an orc.

Vanquished Creatures
  Natasha (D:3)
  4 adders
  3 worms (D:2)
  5 dart slugs
  An orc (D:3)
  4 ball pythons
  7 bats
  2 endoplasms (D:2)
  4 giant cockroaches
  4 goblins
  6 hobgoblins
  4 jackals (D:2)
  2 quokkas
  7 frilled lizards
  5 kobolds
  4 rats
63 creatures vanquished.

Vanquished Creatures (collateral kills)
  A rat (D:2)
1 creature vanquished.

Grand Total: 64 creatures vanquished

Notes
Turn   | Place    | Note
-------+----------+-------------------------------------------
     0 | D:1      | Shayle the Human Shapeshifter began the quest for the Orb.
     0 | D:1      | Reached XP level 1. HP: 15/15 MP: 1/1
   105 | D:1      | Reached XP level 2. HP: 6/21 MP: 2/2
   545 | D:1      | Reached XP level 3. HP: 24/26 MP: 3/3
   856 | D:2      | Found a broken altar of Ashenzari.
   863 | D:2      | Became a worshipper of Ashenzari the Shackled
  1108 | D:2      | Reached XP level 4. HP: 26/33 MP: 4/4
  1616 | D:2      | Found a faded altar of an unknown god.
  2027 | D:3      | Noticed Natasha
  2036 | D:3      | Killed Natasha
  2037 | D:3      | Reached XP level 5. HP: 38/38 MP: 5/5
  2092 | D:3      | Found Otiown's Distillery.
  2100 | D:3      | Bought a potion of heal wounds for 55 gold pieces
  2100 | D:3      | Bought a potion of curing for 33 gold pieces
  2544 | D:3      | Noticed Natasha
  2618 | D:4      | Noticed an ogre
  2652 | D:4      | Slain by an ogre

Illustrated notes

Levels and vault maps discovered:
D:1:      psy_arrival_fountain, layout_loops_ring
D:2:      minmay_recursive_quarters, layout_loops_cross, basic_altar,
          shapermc_ecumenical_altar_hornbeckon, chequers_serial_rivers_large_a,
          mrwooster_statue_mirror, minmay_goblin_outpost
D:3:      layout_basic, okawaru_altar_gauntlet_db, serial_shops,
          nicolae_shop_tiny_statue_garden, ebering_dispersal_statue_hall,
          minmay_diced_spiral, uniq_natasha
D:4:      layout_basic, evilmike_ruin_ashenzari, minmay_temple_entry_ruins,
          gup_sewer_entry_spiral, serial_park_tiny_1, kennysheep_generic_room_13

Skill      XL: |  1  2  3  4  5 |
---------------+----------------+-----
Fighting       | 2 |  2.4
Dodging        | 3 |  3.1
Unarmed Combat | |  3.9
Shapeshifting  | |  3.7

Action                     |  1- 3 |  4- 6 || total
---------------------------+-------+-------++-------
  Melee: Unarmed           |    90 |   109 ||   199
         Punch             |     1 |     4 ||     5
  Throw: Dart              |       |     4 ||     4
    Use: Scroll            |     2 |     5 ||     7
         Potion            |       |     2 ||     2
 Armour: Animal skin       |    27 |       ||    27
         Ring mail         |    21 |    64 ||    85
         Skin              |       |    12 ||    12
  Dodge: Dodged            |    47 |    73 ||   120

Table legend: (Time is in decaauts)
 A = Elapsed time spent in this place.
 B = Non-inter-level travel time spent in this place.
 C = Inter-level travel time spent in this place.
 D = Time resting spent in this place.
 E = Time spent auto-exploring this place.
 F = Levels seen in this place.
 G = Mean time per level.
                   A        B        C        D        E       F      G
               +--------+--------+--------+--------+--------+-----+--------+
         Total |   2666 |   2572 |     94 |    132 |   1705 |   4 |  666.5 |
       Dungeon |   2666 |   2572 |     94 |    132 |   1705 |   4 |  666.5 |
               +--------+--------+--------+--------+--------+-----+--------+

Top non-repeatable levels by time:
     D:2: 1139 daAuts
     D:1: 842 daAuts
     D:3: 592 daAuts
     D:4: 92 daAuts
